 Dungeon Crawl Stone Soup version 0.17.0-28-g6e173f8 (webtiles) character file.

64 dohliylev the Sneak (level 3, -2/27 HPs)
             Began as a Vampire Assassin on Nov 28, 2015.
             Slain by a big kobold
             ... wielding a +0 whip
              (9 damage)
             ... on level 3 of the Dungeon.
             The game lasted 00:06:22 (1523 turns).

dohliylev the Sneak (Vampire Assassin)              Turns: 1523, Time: 00:06:22

Health: -2/27      AC:  0    Str:  5    XL:     3   Next: 91%
Magic:  1/3        EV: 19    Int: 13    God:
Gold:   80         SH:  0    Dex: 21    Spells: 0 memorised, 2 levels left

rFire  . . .     SeeInvis +     (weapon currently unavailable)
rCold  . . .     Clarity  .     (armour currently unavailable)
rNeg   + . .     SustAt   .     (shield currently unavailable)
rPois  .         Gourm    .     (helmet currently unavailable)
rElec  .         Spirit   .     (cloak currently unavailable)
rCorr  .         Warding  .     (gloves currently unavailable)
rMut   .         Stasis   .     (boots currently unavailable)
MR     .....                    (no amulet)
Stlth  +++++.....               (ring currently unavailable)
                                (ring currently unavailable)

@: bat-form, flying, very quick, not resistant to hostile enchantments, quite
stealthy
A: (fangs 0), see invisible, (unbreathing)
a: End Transformation


You were on level 3 of the Dungeon.
You were not thirsty.
You were in vampire-bat-form.
You visited 1 branch of the dungeon, and saw 3 of its levels.

You collected 80 gold pieces.

Inventory:

Hand Weapons
 a - a +2 dagger (melded)
 b - a +0 blowgun
Missiles
 e - 8 poisoned needles
 f - 2 curare-tipped needles
 y - 2 throwing nets (quivered)
Armour
 c - a +0 robe (melded)
 d - a +0 pair of boots (melded)
 m - a +0 storm dragon armour
 n - a +0 cloak (melded)
 t - a +0 buckler (melded)
Jewellery
 w - an uncursed ring of flight {unknown}
 z - a +4 ring of intelligence {unknown}
Scrolls
 i - a scroll of remove curse {unknown}
 l - a scroll of immolation {unknown}
 o - 2 scrolls of recharging {unknown}
 q - a scroll of identify {unknown}
 s - a scroll of blinking {unknown}
 v - a scroll of magic mapping {unknown}
 x - a scroll of enchant weapon {unknown}
Potions
 g - 13 potions of blood
 h - a potion of ambrosia {unknown}
 j - 4 potions of curing {unknown}
 k - a potion of haste {unknown}
 p - a potion of brilliance {unknown}
 r - 2 potions of cancellation {unknown}
 u - a potion of flight {unknown}


   Skills:
 + Level 2.1 Fighting
 + Level 2.4 Short Blades
 + Level 1.6 Throwing
 + Level 1.5 Dodging
 * Level 7.6 Stealth


You had 2 spell levels left.
You didn't know any spells.

Dungeon Overview and Level Annotations

Branches:
Dungeon (3/15)

Altars:


Innate Abilities, Weirdness & Mutations

((You have razor-sharp teeth.))
You have supernaturally acute eyesight.
((You can survive without breathing.))


Message History

* * * LOW HITPOINT WARNING * * *
You hit the big kobold but do no damage.
The big kobold is lightly wounded.
The big kobold barely misses you.
The big kobold hits you but does no damage.
You block the big kobold's attack. You block the big kobold's attack.
You see here an iron ring.
z - an iron ring The big kobold hits you with a whip.
* * * LOW HITPOINT WARNING * * *
Found 10 gold pieces.
You fail to use your ability.
You block the big kobold's attack.
You turn into a vampire bat.
Your +2 dagger melds into your body.
Your +0 cloak melds into your body.
Your +0 pair of boots melds into your body.
Your +0 buckler melds into your body.
Your +0 robe melds into your body.
The big kobold hits you with a whip!
You die...

#.######.# #.# #.# #.# #.#
#.# #.# #.#
###.######.#######.#
#######........#.#.......#
.....................#####
#######........#.#.#.#####
..........................
#######..b.....#.#.#..####
#..K.....#.#.#....<#
#........#.#.##.####
#.[......#.#..... #
#.....)..#.#.....#.#
#.......!#.# ....#.#
###.#......# ....#.#
######.#.##########...#
..........# #..#


You could see a big kobold.

Vanquished Creatures
  2 adders
  An ooze (D:1)
  A worm (D:2)
  2 orcs (D:3)
  2 giant cockroaches
  10 hobgoblins
  3 kobolds
  A ball python (D:2)
  6 bats
  2 giant newts (D:1)
  3 goblins (D:1)
  3 rats
36 creatures vanquished.

Notes
Turn   | Place    | Note
--------------------------------------------------------------
     0 | D:1      | dohliylev the Vampire Assassin began the quest for the Orb.
     0 | D:1      | Reached XP level 1. HP: 16/16 MP: 1/1
   118 | D:1      | Reached skill level 6 in Stealth
   208 | D:1      | Reached XP level 2. HP: 15/22 MP: 2/2
   339 | D:1      | Reached skill level 7 in Stealth
   756 | D:2      | Reached XP level 3. HP: 27/27 MP: 3/3
  1498 | D:3      | Noticed a big kobold
  1523 | D:3      | Slain by a big kobold

Action                   || total
-------------------------++-------
Melee: Dagger            ||   105
 Abil: Bat Form          ||     1
  Use: Potion            ||     1
 Stab: Sleeping          ||     9
